 Dungeon Crawl Stone Soup version 0.28-a0-1344-g6b9ff3a05d (webtiles) character file.

Game seed: 4818882033422478971

6 DoubleLucky the Caller (level 1, 0/10 HPs)
             Began as a Tengu Summoner on Dec 29, 2021.
             Slain by a kobold (5 damage)
             ... on level 1 of the Dungeon.
             The game lasted 00:01:11 (331 turns).

DoubleLucky the Caller (Tengu Summoner)              Turns: 331, Time: 00:01:12

Health: 0/10       AC:  2    Str:  8    XL:     1   Next: 90%
Magic:  3/4        EV: 12    Int: 15    God:
Gold:   5          SH:  0    Dex: 14    Spells: 3/4 levels left

rFire   . . .      SeeInvis .   c - +0 whip
rCold   . . .      Faith    .   (no shield)
rNeg    . . .      Spirit   .   a - +0 robe
rPois   .          Reflect  .   (helmet restricted)
rElec   .          Harm     .   (no cloak)
rCorr   .          Rampage  .   (no gloves)
Will    .....                   (boots unavailable)
Stlth   ++........              (no amulet)
HPRegen 0.03/turn               (no ring)
MPRegen 0.09/turn               (no ring)

@: no status effects
A: beak, talons 3
a: no special abilities


You were on level 1 of the Dungeon.
You visited 1 branch of the dungeon, and saw 1 of its levels.

You collected 5 gold pieces.

Inventory:

Hand Weapons
 c - a +0 whip (weapon)
Armour
 a - a +0 robe (worn)
Scrolls
 b - a scroll of identify {unknown}
 d - a scroll of teleportation {unknown}
Potions
 e - a potion of resistance {unknown}


   Skills:
 + Level 2.3 Dodging
 + Level 2.1 Stealth
 + Level 2.1 Spellcasting
 + Level 4.9 Summonings


You had 3 spell levels left.
You knew the following spells:

 Your Spells              Type           Power      Damage    Failure   Level
a - Summon Small Mammal   Summ           64%        N/A       3%          1

Your spell library contained the following spells:

 Spells                   Type           Power      Damage    Failure   Level
 Call Imp                 Summ           16%        N/A       4%          2
 Call Canine Familiar     Summ           16%        N/A       9%          3
 Summon Guardian Golem    Hex/Summ       9%         N/A       24%         3
 Summon Lightning Spire   Summ/Air       9%         N/A       61%         4


Dungeon Overview and Level Annotations

Branches:
Dungeon (1/15)

Altars:


Innate Abilities, Weirdness & Mutations

You have a beak for a mouth.
You have claws for feet.


Message History

What are your orders? t - Shout!
Orders for allies: a - Attack new target. r - Retreat! s - Stop attacking. g - Guard the area. f - Follow me.
Anything else - Cancel.
Gang up on whom?
Press: ? - help, Dir - move target, f - kobold
Aim: a kobold, wielding a +2 short sword of protection (ally target) Attack!
A giant cockroach comes into view.
A rat comes into view.
The kobold hits your rat with a +2 short sword of protection.
Your rat dies!
Your rat's corpse disappears in a puff of smoke!
Your quokka bites the kobold but does no damage.
Your quokka closely misses the kobold.
You hit the kobold but do no damage. You claw the kobold, but do no damage.
Your quokka bites the kobold but does no damage.
The kobold barely misses you.
You hit the kobold. Your peck misses the kobold.
The kobold is moderately wounded.
Your quokka bites the kobold but does no damage.
The kobold barely misses you.
Your quokka closely misses the kobold.
You hit the kobold but do no damage. Your kick misses the kobold.
The kobold is moderately wounded.
The kobold hits you with a +2 short sword of protection.
A giant cockroach comes into view.
Your quokka completely misses the kobold.
The giant cockroach bites you. The kobold closely misses you.
You closely miss the kobold.
Your quokka barely misses the kobold.
The rat completely misses your quokka.
The giant cockroach bites you but does no damage.
The kobold barely misses you.
You hit the kobold but do no damage. Your kick misses the kobold.
Your quokka misses the kobold. The giant cockroach bites you.
The rat bites your quokka but does no damage.
The kobold hits you with a +2 short sword of protection.
Ouch! That really hurt!
You die...

..# ......
..#.#.#.#.#
..........#..
#....B....#..
#...........
#...r.....#
#.BKr†....#
#.@.......#####
#.............##
#.........###..#
#..........###.###
##########.#
#...## .# ##.#.#
.# ##... .# #...
.# #....#


You could see 2 giant cockroaches, a kobold (ally target), a rat and a friendly
quokka (summoned).

Vanquished Creatures
  A hobgoblin (D:1)
  2 bats (D:1)
  A kobold (D:1)
4 creatures vanquished.

Vanquished Creatures (collateral kills)
  A hobgoblin (D:1)
  A ball python (D:1)
  A frilled lizard (D:1)
3 creatures vanquished.

Grand Total: 7 creatures vanquished

Notes
Turn   | Place    | Note
-------+----------+-------------------------------------------
     0 | D:1      | DoubleLucky the Tengu Summoner began the quest for the Orb.
     0 | D:1      | Reached XP level 1. HP: 10/10 MP: 4/4
   331 | D:1      | Slain by a kobold

Illustrated notes

Levels and vault maps discovered:
D:1:      elethiomel_arrival_infinity_welcomes_careful_drivers, layout_rooms,
          serial_shops, nicolae_shop_crystal, st_stairs_9

Action                   || total
-------------------------++-------
Melee: Unarmed           ||     8
       Whip              ||     7
       Kick              ||     4
       Peck              ||     1
 Cast: Summon Small Mamm ||    16
Armor: Robe              ||     3
Dodge: Dodged            ||     9

Table legend: (Time is in decaauts)
 A = Elapsed time spent in this place.
 B = Non-inter-level travel time spent in this place.
 C = Inter-level travel time spent in this place.
 D = Time resting spent in this place.
 E = Time spent auto-exploring this place.
 F = Levels seen in this place.
 G = Mean time per level.
                   A        B        C        D        E       F      G
               +--------+--------+--------+--------+--------+-----+--------+
         Total |    331 |    331 |      0 |     52 |    188 |   1 |  331.0 |
       Dungeon |    331 |    331 |      0 |     52 |    188 |   1 |  331.0 |
               +--------+--------+--------+--------+--------+-----+--------+

Top non-repeatable levels by time:
     D:1: 331 daAuts
